 Dungeon Crawl Stone Soup version 0.30-a0-166-g5d06c95188 (webtiles) character file.

Game seed: 9266146762910621261

394 qw the Trooper (level 6, -1/40 HPs)
             Began as a Gargoyle Fighter on Sept 29, 2022.
             Slain by an ogre
             ... wielding a +0 giant club
              (9 damage)
             ... on level 4 of the Dungeon.
             The game lasted 00:01:10 (3160 turns).

qw the Trooper (Gargoyle Fighter)                   Turns: 3160, Time: 00:01:10

Health: -1/40      AC: 11    Str: 22    XL:     6   Next: 81%
Magic:  6/6        EV:  9    Int:  8    God:
Gold:   89         SH:  4    Dex:  9    Spells: 5/5 levels left

rFire   . . .      SeeInvis .    j - +0 war axe (vamp)
rCold   . . .      Faith    .    c - +0 buckler
rNeg    + . .      Spirit   .    b - +0 scale mail
rPois   inf        Reflect  .    (no helmet)
rElec   +          Harm     .    (no cloak)
rCorr   .          Rampage  .    (no gloves)
Will    .....                    (no boots)
Stlth   ..........               (no amulet)
HPRegen 0.13/turn                (no ring)
MPRegen 0.10/turn                (no ring)

@: no status effects
A: sickness immunity, AC +4, negative energy resistance 1, electricity
resistance, torment resistance 1, petrification resistance
a: no special abilities


You were on level 4 of the Dungeon.
You visited 1 branch of the dungeon, and saw 4 of its levels.

You collected 89 gold pieces.


Innate Abilities, Weirdness & Mutations

You are immune to sickness and miasma.
Your stone body is resilient. (AC +4)
You are immune to poison.
You resist negative energy. (rN+)
You are resistant to electric shocks. (rElec)
You are resistant to unholy torment.
You are immune to petrification.


   Skills:
 - Level 5.4 Fighting
 - Level 5.0 Axes
 - Level 1.2 Throwing
 - Level 3.2 Armour
 + Level 0.0 Dodging
 - Level 3.2 Shields


You had 5 spell levels left.
You didn't know any spells.
Your spell library was empty.

Inventory:

Hand Weapons
 e - a +0 flail
 j - a +0 vampiric war axe (weapon)
Missiles
 l - 4 javelins (quivered)
Armour
 b - a +0 scale mail (worn)
 c - a +0 buckler (worn)
Jewellery
 g - a ring of ice
Scrolls
 a - a scroll of identify
 i - a scroll of brand weapon
Potions
 d - 2 potions of might
 f - a potion of lignification
 h - 2 potions of curing
 k - a potion of mutation
 m - a potion of attraction

Dungeon Overview and Level Annotations

Branches:
Dungeon (4/15)             Temple (0/1) D:4

Altars:
Elyvilon


Message History

3115 ||| FLEEEEING.
3116 ||| FLEEEEING.
3117 ||| FLEEEEING.
3118 ||| FLEEEEING.
There is a stone staircase leading up here.
3119 ||| STAIRDANCE You climb upwards.
There is a stone staircase leading down here.
Done exploring.
3121 ||| READING scroll labelled UNTUOL COKKEI.
As you read the scroll labelled UNTUOL COKKEI, it crumbles to dust.
You feel strangely unstable.
It was a scroll of teleportation.
You start waiting.
Your surroundings suddenly seem different.
Done exploring.
(D) Dungeon (T) Temple
Where to? (* - list waypoints, Enter - D:4, ? - help)
There is a stone staircase leading down here.
You climb downwards.
The ogre closely misses you.
There is a stone staircase leading up here.
An ogre is nearby!
You slash the ogre!
The ogre is heavily wounded.
You block the ogre's attack.
You barely miss the ogre.
The ogre is heavily wounded.
The ogre closely misses you.
You barely miss the ogre.
The ogre is heavily wounded.
The ogre hits you with a +0 giant club!!
You barely miss the ogre.
The ogre is heavily wounded.
You block the ogre's attack.
You hit the ogre.
The ogre is heavily wounded.
The ogre hits you with a +0 giant club!
You hit the ogre.
You feel better.
The ogre is severely wounded.
The ogre hits you with a +0 giant club!
You die...

##....^..#
#........#
#........#
#..##..#.#
#..#...#.#
#..#.#.#.#
#........#
####.#####
#@# #O#
#.# ..#
###


You could see an ogre.

Vanquished Creatures
  Grinder (D:4)
  Jessica (D:3)
  Terence (D:2)
  Natasha (twice) (D:3)
  4 adders
  7 ball pythons
  4 endoplasms
  4 giant cockroaches
  4 goblins
  3 hobgoblins
  9 jackals
  6 kobolds
  2 quokkas (D:1)
  6 bats
  2 frilled lizards
  7 rats
63 creatures vanquished.

Vanquished Creatures (others)
  3 plants (D:2)
3 creatures vanquished.

Grand Total: 66 creatures vanquished

Notes
Turn   | Place    | Note
-------+----------+-------------------------------------------
     0 | D:1      | qw the Gargoyle Fighter began the quest for the Orb.
     0 | D:1      | Reached XP level 1. HP: 14/14 MP: 1/1
     0 | D:1      | 0 ||| qw: Version: 0.2-a-12-gaebbb33
     0 | D:1      | 0 ||| qw: Game counter: 1019
     0 | D:1      | 0 ||| qw: Always use a shield: true
     0 | D:1      | 0 ||| qw: God list: Okawaru
     0 | D:1      | 0 ||| qw: Allow faded altars: false
     0 | D:1      | 0 ||| qw: Do Orc after D:15 true
     0 | D:1      | 0 ||| qw: Do second Lair branch before Depths: true
     0 | D:1      | 0 ||| qw: Lair rune preference: random
     0 | D:1      | 0 ||| qw: Plans: Normal, Zot:1-4, God:TSO, Crypt, Tomb,
                  | Pan, Slime:5, Hells, Abyss, Orb
     0 | D:1      | 0 ||| PLANNING D:1-11
   267 | D:1      | Reached XP level 2. HP: 19/19 MP: 2/2
   282 | D:1      | 282 ||| Stepping ~*~*~tactically~*~*~ (stealth).
   329 | D:1      | 329 ||| Stepping ~*~*~tactically~*~*~ (stealth).
   330 | D:1      | 330 ||| Stepping ~*~*~tactically~*~*~ (stealth).
   333 | D:1      | 333 ||| Stepping ~*~*~tactically~*~*~ (stealth).
   346 | D:1      | Found a faded altar of an unknown god.
   420 | D:1      | Reached skill level 3 in Axes
   504 | D:1      | 504 ||| Stepping ~*~*~tactically~*~*~ (stealth).
   505 | D:1      | 505 ||| Stepping ~*~*~tactically~*~*~ (stealth).
   545 | D:1      | 545 ||| Stepping ~*~*~tactically~*~*~ (stealth).
   573 | D:1      | 573 ||| Stepping ~*~*~tactically~*~*~ (stealth).
   577 | D:1      | Reached XP level 3. HP: 23/23 MP: 3/3
   666 | D:1      | 666 ||| DROPPING +0 club.
   828 | D:1      | 828 ||| Stepping ~*~*~tactically~*~*~ (stealth).
   830 | D:1      | 830 ||| Stepping ~*~*~tactically~*~*~ (stealth).
  1134 | D:1      | 1134 ||| READING 4 scrolls labelled XYKUMO DOPT.
  1135 | D:1      | 1135 ||| READING scroll labelled JENOSIU ELIYPS.
  1136 | D:1      | 1136 ||| READING 3 scrolls of identify.
  1136 | D:1      | 1136 ||| IDENTIFYING green potion
  1155 | D:2      | Noticed Terence
  1155 | D:2      | Found a white marble altar of Elyvilon.
  1167 | D:2      | HP: 3/23 [Terence/+0 flail (6)]
  1169 | D:2      | Killed Terence
  1170 | D:2      | Reached XP level 4. HP: 4/28 MP: 4/4
  1170 | D:2      | 1170 ||| STAIRDANCE
  1439 | D:2      | 1439 ||| DROPPING +0 whip.
  1505 | D:2      | 1505 ||| Stepping ~*~*~tactically~*~*~ (water).
  1573 | D:2      | 1573 ||| Stepping ~*~*~tactically~*~*~ (stealth).
  1914 | D:2      | 1914 ||| DROPPING ring of wizardry.
  1915 | D:2      | 1915 ||| DROPPING +6 ring of intelligence.
  1916 | D:2      | 1916 ||| READING scroll labelled ZEUFUI QYDIMY.
  1917 | D:2      | 1917 ||| READING 4 scrolls of identify.
  1917 | D:2      | 1917 ||| IDENTIFYING lumpy white potion
  1918 | D:2      | 1918 ||| READING 3 scrolls of identify.
  1918 | D:2      | 1918 ||| IDENTIFYING amethyst potion
  1919 | D:2      | 1919 ||| READING 2 scrolls of identify.
  1919 | D:2      | 1919 ||| IDENTIFYING cyan potion
  1920 | D:2      | 1920 ||| DROPPING potion of flight.
  1921 | D:2      | 1921 ||| DROPPING potion of magic.
  2056 | D:3      | Noticed Natasha
  2064 | D:3      | Killed Natasha
  2153 | D:3      | Reached XP level 5. HP: 32/32 MP: 5/5
  2240 | D:3      | Noticed Natasha
  2241 | D:3      | 2241 ||| Stepping ~*~*~tactically~*~*~ (hiding).
  2249 | D:3      | Killed Natasha
  2513 | D:3      | Noticed Jessica
  2518 | D:3      | Killed Jessica
  2519 | D:3      | Reached skill level 1 in Throwing
  2772 | D:3      | 2772 ||| READING 4 scrolls labelled QAJIEMPICO.
  2773 | D:3      | 2773 ||| READING 3 scrolls of brand weapon.
  2773 | D:3      | 2773 ||| BRANDING +0 war axe of venom.
  2774 | D:3      | 2774 ||| READING 2 scrolls of brand weapon.
  2774 | D:3      | 2774 ||| BRANDING +0 war axe of freezing.
  2775 | D:3      | 2775 ||| READING scroll labelled BOLIDIROIF.
  2776 | D:3      | 2776 ||| READING 2 scrolls labelled KUUSOWK ZAUW JUYL.
  2777 | D:3      | 2777 ||| DRINKING 2 puce potions.
  2778 | D:3      | 2778 ||| READING 2 scrolls of identify.
  2778 | D:3      | 2778 ||| IDENTIFYING golden potion
  2779 | D:3      | 2779 ||| DROPPING scroll of immolation.
  2807 | D:4      | Noticed Grinder
  2809 | D:4      | 2809 ||| Stepping ~*~*~tactically~*~*~ (hiding).
  2811 | D:4      | Paralysed by Grinder for 5 turns
  2822 | D:4      | HP: 8/32 [Grinder (4)]
  2824 | D:4      | Killed Grinder
  2825 | D:4      | Reached XP level 6. HP: 7/40 MP: 6/6
  3100 | D:4      | Found a staircase to the Ecumenical Temple.
  3101 | D:4      | 3101 ||| PLANNING TEMPLE
  3101 | D:4      | 3101 ||| FLEEEEING.
  3102 | D:4      | 3102 ||| FLEEEEING.
  3103 | D:4      | 3103 ||| FLEEEEING.
  3104 | D:4      | 3104 ||| FLEEEEING.
  3105 | D:4      | 3105 ||| FLEEEEING.
  3106 | D:4      | 3106 ||| FLEEEEING.
  3107 | D:4      | 3107 ||| FLEEEEING.
  3108 | D:4      | 3108 ||| FLEEEEING.
  3109 | D:4      | 3109 ||| FLEEEEING.
  3110 | D:4      | 3110 ||| FLEEEEING.
  3111 | D:4      | 3111 ||| FLEEEEING.
  3112 | D:4      | 3112 ||| FLEEEEING.
  3113 | D:4      | 3113 ||| FLEEEEING.
  3114 | D:4      | 3114 ||| FLEEEEING.
  3115 | D:4      | 3115 ||| FLEEEEING.
  3116 | D:4      | 3116 ||| FLEEEEING.
  3117 | D:4      | 3117 ||| FLEEEEING.
  3118 | D:4      | 3118 ||| FLEEEEING.
  3119 | D:4      | 3119 ||| STAIRDANCE
  3121 | D:3      | 3121 ||| READING scroll labelled UNTUOL COKKEI.
  3159 | D:4      | HP: 6/40 [ogre/+0 giant club (16)]
  3160 | D:4      | Slain by an ogre

Levels and vault maps discovered:
D:1:      nicolae_arrival_washed_ashore, layout_loops_ring,
          ebering_ecumenical_altar_ruins
D:2:      layout_rooms, basic_altar, serial_bayou_lagoon_b, uniq_terence
D:3:      layout_basic, minmay_snake_closets, uniq_natasha, uniq_jessica
D:4:      layout_loops_cross, minmay_temple_entry_butterflies, uniq_grinder

Skill      XL: |  1  2  3  4  5 |
---------------+----------------+-----
Axes           | 2 3 4 5 |  5.0
Throwing       | 1 |  1.2
Fighting       | 5 |  5.4
Armour         | |  3.2
Shields        | |  3.2

Action                   |  1- 3 |  4- 6 || total
-------------------------+-------+-------++-------
Melee: War axe           |   102 |   118 ||   220
Throw: Javelin           |       |     7 ||     7
  Use: Scroll            |     3 |    11 ||    14
       Potion            |       |     1 ||     1
Armor: Scale mail        |    46 |    75 ||   121
Dodge: Dodged            |    66 |    58 ||   124
Block: Buckler           |    18 |    25 ||    43

Table legend:
 A = Non-vault XP
 B = Vault XP
 C = Vault XP percentage of total XP
 D = Non-vault monster count
 E = Vault monster count
 F = Vault count percentage of total count
                 A         B        C        D         E       F
            +---------+---------+-------+---------+---------+-------
      Total |     130 |     433 |  76.9 |      52 |      11 |  17.5
            +---------+---------+-------+---------+---------+-------
        D:1 |      54 |       0 |   0.0 |      31 |       0 |   0.0
        D:2 |      25 |      36 |  59.0 |      10 |       1 |   9.1
        D:3 |      49 |     116 |  70.3 |      10 |       9 |  47.4
        D:4 |       2 |     281 |  99.3 |       1 |       1 |  50.0
            +---------+---------+-------+---------+---------+-------
